 Dungeon Crawl Stone Soup version 0.32-a0-534-ga61f84b8bd (webtiles) character file.

Game seed: 6053905159051115232

55 PejaSLU the Trooper (level 3, 0/51 HPs)
             Began as a Minotaur Berserker on Feb 28, 2024.
             Was a Believer of Trog.
             Succumbed to an adder's poison
             ... on level 2 of the Dungeon.
             The game lasted 00:01:13 (1207 turns).

PejaSLU the Trooper (Minotaur Berserker)            Turns: 1207, Time: 00:01:13

Health: 0/51       AC:  2    Str: 23    XL:     3   Next: 67%
Magic:  2/2        EV: 12    Int:  4    God:    Trog [**....]
Gold:   51         SH:  0    Dex:  9    Spells: 2/2 levels left

rFire   . . .        a - +0 hand axe
rCold   . . .        (no shield)
rNeg    . . .        b - +0 animal skin
rPois   .            (helmet restricted)
rElec   .            (no cloak)
rCorr   .            (no gloves)
SInv    .            (no boots)
Will    .....        (no amulet) Stlth
                     (no ring)
HPRegen 0.28/turn    (no ring)
MPRegen 0.08/turn

%: no passive effects
@: berserking, lethally poisoned (0 -> -5), very quick
A: horns 2, retaliatory headbutt
a: Renounce Religion, Berserk, Trog's Hand


You were on level 2 of the Dungeon.
You worshipped Trog.
Trog was pleased with you.
You visited 1 branch of the dungeon, and saw 2 of its levels.

You collected 51 gold pieces.

Inventory:

Hand Weapons
 a - a +0 hand axe (weapon)
Missiles
 f - 3 javelins (quivered)
 g - 2 stones
Armour
 b - a +0 animal skin (worn)
Jewellery
 e - a ring of magical power
 l - an amulet of reflection
Wands
 k - a wand of digging (7)
Scrolls
 c - 3 scrolls of enchant weapon {unknown}
 d - 3 scrolls of teleportation {unknown}
 h - 2 scrolls of noise {unknown}
 i - a scroll of fear {unknown}
Potions
 j - a potion of lignification {unknown}


   Skills:
 + Level 4.7 Fighting
 + Level 4.3 Axes
 + Level 2.6 Armour
 + Level 2.6 Dodging


You had 2 spell levels left.
You didn't know any spells.
Your spell library was empty.

Dungeon Overview and Level Annotations

Branches:
Dungeon (2/15)

Altars:


Innate Abilities, Weirdness & Mutations

You have a pair of horns on your head.
You reflexively headbutt those who attack you in melee.


Message History

You see here an amulet of reflection.
l - an amulet of reflection You feel sick.
A ball python comes into view.
The adder closely misses you.
You miss the adder. Your headbutt misses the adder.
You feel sick. The adder barely misses you.
You hit the adder. Your headbutt misses the adder.
The adder is lightly wounded.
You hit the ball python.
You kill the ball python!
Trog accepts your kill.
You feel sick. The adder bites you but does no damage.
The adder barely misses you. You furiously retaliate!
You headbutt the adder, but do no damage.
You hit the adder.
The adder is moderately wounded.
You feel sick.
You are no longer poisoned.
The adder bites you.
* * * LOW HITPOINT WARNING * * *
You are poisoned.
The adder poisons you!
You closely miss the adder. Your headbutt misses the adder.
The adder is moderately wounded.
You feel sick. The adder bites you.
* * * LOW HITPOINT WARNING * * *
You are lethally poisoned!
The adder poisons you! The adder bites you.
* * * LOW HITPOINT WARNING * * *
A red film seems to cover your vision as you go berserk!
You feel yourself moving faster!
You feel mighty!
* * * LOW HITPOINT WARNING * * *
You feel sick. The adder barely misses you.
You slash the adder!
You kill the adder!
Trog accepts your kill.
* * * LOW HITPOINT WARNING * * *
You feel sick.
You die...

.............#
############.#
...#..#
.#.#.#..#######
..............#
.#.#.#....###..
...#...##
.#.#.#...#
.......@.#
.#.#.#...#
...#†..# ###
##..# ...# ...#
#####


There were no monsters in sight!

Vanquished Creatures
  2 adders (D:2)
  A dart slug (D:2)
  A ribbon worm (D:2)
  4 bats
  3 endoplasms
  A giant cockroach (D:2)
  2 goblins (D:2)
  2 hobgoblins
  A kobold (D:1)
  3 quokkas
  7 ball pythons
  2 frilled lizards
  3 rats (D:1)
32 creatures vanquished.

Notes
Turn   | Place    | Note
-------+----------+-------------------------------------------
     0 | D:1      | PejaSLU the Minotaur Berserker began the quest for the Orb.
     0 | D:1      | Reached XP level 1. HP: 19/19 MP: 0/0
   261 | D:1      | Reached XP level 2. HP: 22/27 MP: 1/1
   724 | D:2      | Reached XP level 3. HP: 26/33 MP: 2/2
   941 | D:2      | Reached ** piety under Trog
  1205 | D:2      | HP: 2/51 [poisoned by an adder]
  1207 | D:2      | Succumbed to an adder's poison

Illustrated notes

Levels and vault maps discovered:
D:1:      arrival_zaba_pyramid, layout_loops_ring
D:2:      layout_loops_ring, shapermc_ecumenical_altar_mp_urbaneastern

Skill      XL: |  1  2 |
---------------+-------+-----
Fighting       | 4 |  4.7
Axes           | 4 |  4.3
Armour         | |  2.6
Dodging        | |  2.6

Action                     || total
---------------------------++-------
  Melee: Hand axe          ||    70
         Headbutt          ||    11
 Invoke: Berserk           ||     1
 Armour: Animal skin       ||    42
  Dodge: Dodged            ||    55

Table legend: (Time is in decaauts)
 A = Elapsed time spent in this place.
 B = Non-inter-level travel time spent in this place.
 C = Inter-level travel time spent in this place.
 D = Time resting spent in this place.
 E = Time spent auto-exploring this place.
 F = Levels seen in this place.
 G = Mean time per level.
                   A        B        C        D        E       F      G
               +--------+--------+--------+--------+--------+-----+--------+
         Total |   1213 |   1152 |     61 |      0 |    960 |   2 |  606.5 |
       Dungeon |   1213 |   1152 |     61 |      0 |    960 |   2 |  606.5 |
               +--------+--------+--------+--------+--------+-----+--------+

Top non-repeatable levels by time:
     D:1: 615 daAuts
     D:2: 597 daAuts
